 Dungeon Crawl Stone Soup version 0.21-a0-258-g4c0eb85 (webtiles) character file.

198 Hook the Sneak (level 5, -5/27 HPs)
             Began as a Vine Stalker Assassin on Sept 6, 2017.
             Slain by tof's ghost (7 damage)
             ... on level 3 of the Dungeon.
             The game lasted 00:06:53 (2200 turns).

Hook the Sneak (Vine Stalker Assassin)              Turns: 2200, Time: 00:06:54

Health: -5/27      AC:  5    Str: 14    XL:     5   Next: 77%
Magic:  0/6        EV: 13    Int: 11    God:
Gold:   82         SH:  0    Dex: 16    Spells: 4/4 levels left

rFire    . . .     SeeInvis .   a - +2 dagger
rCold    . . .     Gourm    .   (no shield)
rNeg     . . .     Faith    .   v - +0 robe (curse)
rPois    .         Spirit   +   u - +0 helmet
rElec    .         Reflect  .   d - +0 cloak
rCorr    .         Harm     .   (no gloves)
MR       .....                  r - +0 pair of boots
Stlth    +++.......             (no amulet)
HPRegen  0.49/turn              (no ring)
MPRegen  0.10/turn              (no ring)

@: no status effects
A: fangs 2, regeneration 1, magic shield, antimagic bite, no potion heal 3, rot
immunity
a: no special abilities


You were on level 3 of the Dungeon.
You were not hungry.

You visited 1 branch of the dungeon, and saw 3 of its levels.

You collected 82 gold pieces.

Inventory:

Hand Weapons
 a - a +2 dagger (weapon)
 b - a +0 blowgun
 x - a +0 dagger of pain
Missiles
 e - 20 poisoned needles
 f - 2 curare-tipped needles
Armour
 c - a +0 robe
 d - a +0 cloak (worn)
 i - a +0 leather armour
 r - a +0 pair of boots (worn)
 u - a +0 helmet (worn)
 v - a cursed +0 robe (worn)
Scrolls
 m - 2 scrolls of teleportation {unknown}
 n - 4 scrolls of identify {unknown}
 o - 4 scrolls of immolation {unknown}
 q - a scroll of noise {unknown}
 s - a scroll of fear {unknown}
 w - a scroll of remove curse {unknown}
Potions
 h - a potion of curing {unknown}
 j - a potion of magic {unknown}
 l - 2 potions of flight {unknown}
 p - a potion of haste {unknown}
 t - a potion of brilliance {unknown}
Comestibles
 g - 2 bread rations
 k - 3 royal jellies


   Skills:
 * Level 2.7 Fighting
 + Level 2.9 Short Blades
 + Level 1.7 Throwing
 + Level 0.7 Armour
 * Level 2.1 Dodging
 + Level 6.2 Stealth


You had 4 spell levels left.
You didn't know any spells.

Dungeon Overview and Level Annotations

Branches:
Dungeon (3/15)

Altars:
Gozag

Annotations:
D:3 tof's ghost, amateur TrMo


Innate Abilities, Weirdness & Mutations

You have extremely sharp teeth.
Your natural rate of healing is unusually fast.
When hurt, damage is shared between your health and your magic reserves.
Your bite disrupts and absorbs the magic of your enemies.
Potions cannot restore your health.
You are immune to rotting.


Message History

You closely miss tof's ghost. Your bite misses tof's ghost.
Tof's ghost is heavily damaged.
Tof's ghost hits you but does no damage.
You hit tof's ghost.
Tof's ghost is heavily damaged.
Tof's ghost barely misses you.
You barely miss tof's ghost. You bite tof's ghost. You drain its power.
You feel invigorated.
Tof's ghost is heavily damaged.
Tof's ghost hits you!
* * * LOW HITPOINT WARNING * * *
You hit tof's ghost.
Tof's ghost is severely damaged.
Tof's ghost hits you!
* * * LOW HITPOINT WARNING * * *
You hit tof's ghost but do no damage. You bite tof's ghost.
You drain its power.
You feel invigorated.
Tof's ghost is severely damaged.
Tof's ghost hits you!
You die...

...........##.##).....#
.#..........#.##.###..##
...........##.##.......#
!.#
.##.######.##.######>..#
#.# ............#.#
#...# #(#
.###.###......# #...#
#.# .# ##...### #...#
#.# ## ##.#########..##
#.# ##.#....W@.....# #.#
#.###†######..## #.#
##.#..# #..# ####)###
##.#W# #..#####...)... #
###.# #(....[).##.### #
#.# #...###.....# #
#.######..W.......## #
##.##......#....##.# #
##.....W##.##..#.##.#


You could see tof's ghost.

Vanquished Creatures
  Jessica (D:2)
  Robin (D:2)
  7 adders
  2 worms (D:2)
  2 dart slugs (D:2)
  3 leopard geckos
  9 orcs (D:3)
  A giant cockroach (D:2)
  14 goblins
  9 hobgoblins
  3 jackals (D:1)
  A quokka (D:2)
  A ball python (D:1)
  6 bats
  5 frilled lizards
  4 kobolds
  10 rats
79 creatures vanquished.

Notes
Turn   | Place    | Note
-------+----------+-------------------------------------------
     0 | D:1      | Hook the Vine Stalker Assassin began the quest for the Orb.
     0 | D:1      | Reached XP level 1. HP: 11/11 MP: 2/2
    49 | D:1      | Reached skill level 5 in Stealth
   241 | D:1      | Reached skill level 1 in Dodging
   331 | D:1      | Reached XP level 2. HP: 13/15 MP: 3/3
   853 | D:2      | Found an opulent altar of Gozag.
   876 | D:2      | Reached XP level 3. HP: 18/18 MP: 4/4
  1265 | D:2      | Gained mutation: Your natural rate of healing is unusually fast. [Vine Stalker growth]
  1265 | D:2      | Reached XP level 4. HP: 20/23 MP: 5/5
  1571 | D:2      | Noticed Robin
  1582 | D:2      | Killed Robin
  1702 | D:2      | Reached XP level 5. HP: 27/27 MP: 6/6
  1719 | D:2      | Noticed Jessica
  1722 | D:2      | Killed Jessica
  1722 | D:2      | Reached skill level 6 in Stealth
  1726 | D:2      | Found a faded altar of an unknown god.
  2147 | D:3      | Noticed tof's ghost (amateur TrMo)
  2200 | D:3      | Slain by tof's ghost

Vault maps used:
D:1:      mrwooster_arrival_statue_3
D:2:      chequers_ecumenical_altar_island, grunt_gozag_statues, uniq_robin,
          uniq_jessica
D:3:      yredelemnul_forgotten_temple_becter, okawaru_altar_gauntlet_db

Skill      XL: |  1  2  3  4  5 |
---------------+----------------+-----
Stealth        | 5 6 |  6.2
Dodging        | 1 2 |  2.1
Fighting       | 2 |  2.7
Short Blades   | 2 |  2.9
Throwing       | |  1.7
Armour         | |  0.7

Action                   |  1- 3 |  4- 6 || total
-------------------------+-------+-------++-------
Melee: Dagger            |    78 |   173 ||   251
       Bite              |    16 |    45 ||    61
 Stab: Sleeping          |    11 |     9 ||    20
  Eat: Chunk             |     1 |     3 ||     4
Armor: Leather armour    |    21 |    18 ||    39
       Robe              |       |    20 ||    20
Dodge: Dodged            |    26 |   108 ||   134

Table legend:
 A = Spawn XP
 B = Non-spawn XP
 C = Spawn XP percentage of total XP
 D = Spawn monster count
 E = Non-spawn monster count
 F = Spawn count percentage of total count
 G = Total turns spent on level
                    A         B        C        D         E        F      G
               +---------+---------+-------+---------+---------+-------+---------
         Total |       0 |     284 |   0.0 |       0 |      79 |   0.0 |  2200
               +---------+---------+-------+---------+---------+-------+---------
           D:1 |       0 |      31 |   0.0 |       0 |      19 |   0.0 |   825
           D:2 |       0 |     184 |   0.0 |       0 |      40 |   0.0 |  1095
           D:3 |       0 |      69 |   0.0 |       0 |      20 |   0.0 |   280
               +---------+---------+-------+---------+---------+-------+---------
